 Dungeon Crawl Stone Soup version 0.31-a0-232-gb1c03b2570 (webtiles) character file.

Game seed: 9942353567395748807

981 qw the Skirmisher (level 7, 0/61 HPs)
             Began as a Minotaur Hexslinger on July 7, 2023.
             Slain by an orc warrior
             ... wielding a +0 long sword
              (7 damage)
             ... on level 5 of the Dungeon.
             The game lasted 00:01:32 (4241 turns).

qw the Skirmisher (Minotaur Hexslinger)             Turns: 4241, Time: 00:01:33

Health: 0/61       AC:  7    Str: 12    XL:     7   Next: 96%
Magic:  7/7        EV: 11    Int: 10    God:
Gold:   110        SH:  0    Dex: 15    Spells: 7/8 levels left

rFire   . . .        Y - +2 sling
rCold   . . .        (no shield)
rNeg    . . .        f - +0 ring mail
rPois   .            (helmet restricted)
rElec   .            (no cloak)
rCorr   .            k - +0 pair of gloves
SInv    .            l - +0 pair of boots
Will    .....        b - amulet of faith
Stlth   +            (no ring)
HPRegen 0.30/turn    (no ring)
MPRegen 0.10/turn

%: faith
@: no status effects
A: horns 2, retaliatory headbutt
a: no special abilities


You were on level 5 of the Dungeon.
You visited 1 branch of the dungeon, and saw 6 of its levels.

You collected 290 gold pieces.
You spent 180 gold pieces at shops.


Innate Abilities, Weirdness & Mutations

You have a pair of horns on your head.
You reflexively headbutt those who attack you in melee.


   Skills:
 - Level 5.1 Fighting
 + Level 8.8 Ranged Weapons
 - Level 2.3 Armour
 - Level 2.1 Dodging
 - Level 1.0 Spellcasting
 - Level 2.0 Hexes


You had 7 spell levels left.
You knew the following spells:

 Your Spells              Type           Power      Damage    Failure   Level
a - Slow                  Hex            16%        N/A       32%         1

Your spell library contained the following spells:

 Spells                   Type           Power      Damage    Failure   Level
 Inner Flame              Hex/Fire       2%         N/A       83%         3
 Portal Projectile        Hex/Tloc       4%         N/A       83%         3
 Cause Fear               Hex            2%         N/A       97%         4

Inventory:

Hand Weapons
 Y - a +2 sling (weapon)
Armour
 f - a +0 ring mail (worn)
 k - a +0 pair of gloves (worn)
 l - a +0 pair of boots (worn)
Jewellery
 b - an amulet of faith (around neck)
Scrolls
 a - a scroll of identify
Potions
 c - 5 potions of curing
 e - a potion of cancellation
 h - a potion of berserk rage {unknown}
 i - a potion of attraction {unknown}

Dungeon Overview and Level Annotations

Branches:
Dungeon (6/15)
 Temple: D:4-7

Altars:
Qazlal
Ru
Trog
Wu Jian
Xom
Yredelemnul

Shops:
D:2 [   D:4 (:(*

Annotations:
D:5 1 runed translucent door, Crazy Yiuf


Message History

Enter note:
Enter note:
Enter note:
Enter note:
Enter note:
Enter note:
Enter note:
4237 ||| DRINKING potion of heal wounds.
You feel much better. The hound bites you. The hound closely misses you.
The orc priest barely misses you.
The orc warrior hits you with a +0 long sword!
The orc hits you but does no damage.
You shoot a sling bullet. The sling bullet hits the gnoll.
The gnoll is severely wounded.
The hound completely misses you.
The orc warrior hits you with a +0 long sword!
The orc priest barely misses you. You furiously retaliate!
You headbutt the orc priest! The gnoll misses you.
The orc hits you but does no damage. The hound bites you but does no damage.
You shoot a sling bullet.
The sling bullet hits the orc priest but does no damage.
The orc priest is almost dead.
The hound closely misses you.
The orc warrior hits you with a +0 long sword.
The orc priest closely misses you. You furiously retaliate!
You headbutt the orc priest!
You kill the orc priest!
The orc hits you but does no damage. The gnoll hits you with a +0 club.
You shoot a sling bullet.
The sling bullet closely misses the gnoll.
The hound closely misses you.
The orc warrior hits you with a +0 long sword.
The orc barely misses you. The gnoll closely misses you.
The hound barely misses you.
You shoot a sling bullet. The sling bullet hits the gnoll!
You kill the gnoll!
The hound misses you.
The orc warrior hits you with a +0 long sword!
You die...

#..#...#..#....#)###....###....##
#..##.#..###..##.###...## #.....#
#.####..###..##...##...# ##......
#..###### #.##.....##..# #.......
.#..# #.'...}...'..###..##...
.##.# #####...###......#####.
##### #...# ####...# #. ..# #..h#
##### ##. ..# #.@)######..# #..
.## #o)o##..##.######.. ##
######.#.....#.....
##..##........ ###.######... ##
#.# ##.. .# #.# #.. ## #.# #.. #
#.## #..


You could see an orc warrior, a hound and an orc.

Vanquished Creatures
  Grinder (D:4)
  Sigmund (D:5)
  A phantom (D:5)
  2 howler monkeys (D:5)
  2 hounds
  An orc priest (D:5)
  3 iguanas (D:5)
  3 orc wizards
  3 sleepcaps (D:5)
  A gnoll (D:5)
  7 adders
  An ufetubus (D:4)
  6 dart slugs
  15 orcs
  5 endoplasms
  2 giant cockroaches
  5 goblins
  7 hobgoblins
  2 jackals (D:1)
  2 quokkas
  A ball python (D:1)
  3 bats (D:3)
  5 frilled lizards
  5 kobolds
  A rat (D:2)
85 creatures vanquished.

Vanquished Creatures (others)
  An iguana (D:4)
1 creature vanquished.

Grand Total: 86 creatures vanquished

Notes
Turn   | Place    | Note
-------+----------+-------------------------------------------
     0 | D:1      | qw the Minotaur Hexslinger began the quest for the Orb.
     0 | D:1      | Reached XP level 1. HP: 16/16 MP: 1/1
     0 | D:1      | 0 ||| qw: Version: 0.3-a-46-gb1f654a
     0 | D:1      | 0 ||| qw: Game counter: 2899
     0 | D:1      | 0 ||| qw: Melee chars always use a shield: true
     0 | D:1      | 0 ||| qw: God list: Okawaru
     0 | D:1      | 0 ||| qw: Allow faded altars: false
     0 | D:1      | 0 ||| qw: Do Orc after clearing Dungeon:15 true
     0 | D:1      | 0 ||| qw: Do second Lair branch before Depths: true
     0 | D:1      | 0 ||| qw: Lair rune preference: random
     0 | D:1      | 0 ||| qw: Goals: Normal
     0 | D:1      | 0 ||| PLANNING D:1-11
    28 | D:1      | HP: 3/16 [jackal (2)]
   126 | D:1      | Reached skill level 3 in Ranged Weapons
   133 | D:1      | Reached XP level 2. HP: 23/23 MP: 2/2
   139 | D:1      | Found a faded altar of an unknown god.
   164 | D:1      | HP: 6/24 [frilled lizard (3)]
   540 | D:1      | 540 ||| UPGRADING to +0 ring mail.
   550 | D:1      | 550 ||| DROPPING +0 robe.
   551 | D:1      | 551 ||| READING scroll labelled OSHRUY TUIT UDU.
   552 | D:1      | 552 ||| DROPPING scroll of poison.
   583 | D:2      | Reached XP level 3. HP: 28/29 MP: 3/3
   645 | D:2      | Found Pair's Antique Armour Shop.
   654 | D:2      | 654 ||| SHOPLISTING cloak (103 gold, have 67).
   654 | D:2      | 654 ||| SHOPLISTING distressingly furry quicksilver dragon
                  | scales (1495 gold, have 67).
   654 | D:2      | 654 ||| SHOPLISTING pair of glowing gloves (172 gold, have
                  | 67).
   654 | D:2      | 654 ||| SHOPLISTING runed robe (85 gold, have 67).
   774 | D:2      | Reached skill level 4 in Ranged Weapons
   884 | D:2      | Reached skill level 1 in Armour
   887 | D:2      | Found a shimmering altar of Xom.
   972 | D:2      | Reached XP level 4. HP: 36/36 MP: 4/4
  1093 | D:2      | 1093 ||| READING 2 scrolls labelled NUYZXA GAHIDIBYI.
  1149 | D:3      | Found a stormy altar of Qazlal.
  1161 | D:3      | Found a bloodstained altar of Trog.
  1161 | D:3      | Found an ornate altar of the Wu Jian Council.
  1170 | D:3      | Found a basalt altar of Yredelemnul.
  1273 | D:3      | Found a sacrificial altar of Ru.
  1496 | D:3      | 1496 ||| UPGRADING to +0 pair of gloves.
  1501 | D:3      | 1501 ||| UPGRADING to +0 pair of boots.
  1506 | D:3      | 1506 ||| READING scroll labelled SACY VIWEANGUD.
  1507 | D:3      | 1507 ||| READING scroll labelled OHEBOA ZOWIME.
  1508 | D:3      | 1508 ||| READING 2 scrolls labelled SIGU CUEMOVOFO.
  1509 | D:3      | 1509 ||| DRINKING 2 cyan potions.
  1510 | D:3      | 1510 ||| DRINKING 2 dark potions.
  1511 | D:3      | 1511 ||| READING 2 scrolls of identify.
  1511 | D:3      | 1511 ||| IDENTIFYING grey potion
  1512 | D:3      | 1512 ||| DROPPING potion of ambrosia.
  1513 | D:3      | 1513 ||| DROPPING potion of degeneration.
  1514 | D:3      | 1514 ||| DROPPING scroll of summoning.
  1531 | D:4      | Noticed Grinder
  1543 | D:4      | Paralysed by Grinder for 3 turns
  1545 | D:4      | HP: 9/36 [Grinder (6)]
  1548 | D:4      | Killed Grinder
  1549 | D:4      | Reached skill level 6 in Ranged Weapons
  1549 | D:4      | Reached XP level 5. HP: 11/41 MP: 5/5
  1549 | D:4      | Reached XP level 6. HP: 13/48 MP: 6/6
  1735 | D:4      | Found Qetyefay's Weapon Boutique.
  1740 | D:4      | Found Zauliu's Book Shoppe.
  1777 | D:4      | Reached skill level 3 in Fighting
  1805 | D:4      | 1805 ||| FLEEEEING.
  1806 | D:4      | 1806 ||| FLEEEEING.
  1807 | D:4      | 1807 ||| FLEEEEING.
  1808 | D:4      | 1808 ||| FLEEEEING.
  1809 | D:4      | 1809 ||| FLEEEEING.
  1810 | D:4      | 1810 ||| FLEEEEING.
  1910 | D:4      | Found Eluwi's Antique Weapon Shoppe.
  2320 | D:4      | Found Reukketh's Assorted Antiques.
  2323 | D:4      | 2323 ||| BUYING 2 yellow potions (48 gold).
  2323 | D:4      | Bought 2 yellow potions for 48 gold pieces
  2323 | D:4      | 2323 ||| BUYING fuming silvery potion (24 gold).
  2323 | D:4      | Bought a fuming silvery potion for 24 gold pieces
  2323 | D:4      | 2323 ||| BUYING potion of curing (81 gold).
  2323 | D:4      | Bought a potion of curing for 81 gold pieces
  2323 | D:4      | 2323 ||| BUYING scroll labelled RISOEDGH NOPU (27 gold).
  2323 | D:4      | Bought a scroll labelled RISOEDGH NOPU for 27 gold pieces
  2323 | D:4      | 2323 ||| SHOPLISTING scroll of identify (54 gold, have 49).
  2471 | D:4      | 2471 ||| READING scroll labelled CEXKYTHR HAOCECW.
  2475 | D:4      | 2475 ||| READING scroll labelled ADGHIM KUNAROMOSKE.
  2476 | D:4      | 2476 ||| READING scroll labelled RISOEDGH NOPU.
  2563 | D:4      | 2563 ||| DRINKING 2 fuming silvery potions.
  2564 | D:4      | 2564 ||| DRINKING 2 yellow potions.
  2565 | D:4      | 2565 ||| READING 2 scrolls of identify.
  2565 | D:4      | 2565 ||| IDENTIFYING murky black potion
  2566 | D:4      | 2566 ||| DROPPING potion of lignification.
  2567 | D:4      | 2567 ||| DROPPING potion of invisibility.
  2622 | D:5      | Entered Level 5 of the Dungeon
  2715 | D:5      | Noticed Sigmund
  2727 | D:5      | Killed Sigmund
  2728 | D:5      | Reached skill level 7 in Ranged Weapons
  2728 | D:5      | Reached XP level 7. HP: 50/60 MP: 7/7
  3049 | D:5      | Reached skill level 8 in Ranged Weapons
  3931 | D:5      | Found a runed translucent door.
  3932 | D:5      | Noticed Crazy Yiuf
  4165 | D:5      | 4165 ||| UPGRADING to amulet of faith.
  4170 | D:5      | 4170 ||| READING scroll labelled RUBIAHEKIU.
  4171 | D:5      | 4171 ||| READING 2 scrolls of identify.
  4171 | D:5      | 4171 ||| IDENTIFYING fizzy sapphire potion
  4235 | D:6      | 4235 ||| STAIRDANCE
  4235 | D:6      | HP: 10/61 [orc warrior/+0 long sword (8)]
  4237 | D:5      | 4237 ||| DRINKING potion of heal wounds.
  4240 | D:5      | HP: 7/61 [orc warrior/+0 long sword (5)]
  4241 | D:5      | Slain by an orc warrior

Levels and vault maps discovered:
D:1:      wander_arrival_lonely_grave, layout_rooms,
          hellmonk_ecumenical_altar_leap_of_faith, serial_curves,
          eino_curves_02, eino_curves_03, eino_curves_02
D:2:      layout_loops_ring, basic_altar, serial_shops, shop
D:3:      layout_rooms, lemuel_round_altar,
          chequers_temple_overflow_statue_of_worship, grunt_ministairs_5
D:4:      layout_loops_ring, serial_shops, nicolae_shop_bloodbath_and_beyond,
          shop_coins, shop, nicolae_shop_behind_doors, lemuel_flame_loot_1,
          uniq_grinder
D:5:      layout_layer_cave, grunt_ministairs_14, uniq_sigmund,
          uniq_crazy_yiuf_cottage
D:6:      layout_rooms, temple_statues, minmay_divided_ellipse

Skill      XL: |  1  2  3  4  5  6  7 |
---------------+----------------------+-----
Ranged Weapons | 3 4 6 7 8 |  8.8
Fighting       | 2 4 5 |  5.1
Armour         | 1 2 |  2.3
Dodging        | |  2.1
Spellcasting   | |  1.0
Hexes          | |  2.0

Action                     |  1- 3 |  4- 6 |  7- 9 || total
---------------------------+-------+-------+-------++-------
   Fire: Sling             |   102 |   166 |    99 ||   367
    Use: Scroll            |     1 |     9 |     2 ||    12
         Potion            |       |     4 |     1 ||     5
 Armour: Robe              |     4 |       |       ||     4
         Ring mail         |    12 |    36 |    22 ||    70
  Dodge: Dodged            |    29 |    60 |    50 ||   139

Table legend:
 A = Non-vault XP
 B = Vault XP
 C = Vault XP percentage of total XP
 D = Non-vault monster count
 E = Vault monster count
 F = Vault count percentage of total count
                 A         B        C        D         E       F
            +---------+---------+-------+---------+---------+-------
      Total |     883 |     533 |  37.6 |      80 |       6 |   7.0
            +---------+---------+-------+---------+---------+-------
        D:1 |      37 |       0 |   0.0 |      17 |       0 |   0.0
        D:2 |      62 |       0 |   0.0 |      14 |       0 |   0.0
        D:3 |      26 |       5 |  16.1 |       9 |       2 |  18.2
        D:4 |     161 |     262 |  61.9 |      18 |       1 |   5.3
        D:5 |     597 |     266 |  30.8 |      22 |       3 |  12.0
            +---------+---------+-------+---------+---------+-------
